PCL
MILE HIGH BRONCOS @ GRESHAM GOLD SOULS
04/25/2028
 
TOP OF THE 1ST
Mile High Broncos batting - Pitching for Gresham Gold Souls : LHP Francisco Nieto
Pitching: LHP Francisco Nieto
Batting: RHB Edward Williams 0-0: Called Strike
0-1: Ball
1-1: Ball
2-1: Ground out 1-3 (Groundball, 15)
Batting: RHB John Brown 0-0: Called Strike
0-1: Called Strike
0-2: Ball
1-2: Strikes out swinging
Batting: LHB Dave Cook 0-0: Called Strike
0-1: Foul Ball, location: 2F
0-2: Ball
1-2: Ball
2-2: Strikes out swinging
Top of the 1st over - 0 run(s), 0 hit(s), 0 error(s), 0 left on base; Mile High 0 - Gresham 0
BOTTOM OF THE 1ST
Gresham Gold Souls batting - Pitching for Mile High Broncos : RHP José García
Pitching: RHP José García
Batting: SHB Todd Smith 0-0: Called Strike
0-1: Ball
1-1: Swinging Strike
1-2: Strikes out looking
Batting: RHB Mario Méndez 0-0: Fly out, F6 (Line Drive, 6)
Batting: LHB Chance Santry 0-0: Ball
1-0: Called Strike
1-1: SINGLE (Flyball, 8RS)
Batting: RHB Peter Hensley 0-0: Ball
1-0: Ball
2-0: Ball
3-0: Base on Balls
Chance Santry to second
Batting: LHB Millard Dye 0-0: Called Strike
0-1: Ball
1-1: Foul Ball, location: 2F
1-2: Ball
2-2: Ball
3-2: Base on Balls
Chance Santry to third
Peter Hensley to second
Batting: RHB Brian Dixon 0-0: Called Strike
0-1: Fly out, F9 (Flyball, 9LS)
Bottom of the 1st over - 0 run(s), 1 hit(s), 0 error(s), 3 left on base; Mile High 0 - Gresham 0
TOP OF THE 2ND
Mile High Broncos batting - Pitching for Gresham Gold Souls : LHP Francisco Nieto
Batting: RHB Jeff Packard 0-0: Ball
1-0: Ground out 6-3 (Groundball, 6S)
Batting: RHB Luis Alvarado 0-0: Called Strike
0-1: Called Strike
0-2: Ball
1-2: Hit by Pitch
Batting: RHB Raúl Ruíz 0-0: Called Strike
0-1: Ball
1-1: Grounds into double play, 4-6-3 (Groundball, 34)
Top of the 2nd over - 0 run(s), 0 hit(s), 0 error(s), 0 left on base; Mile High 0 - Gresham 0
BOTTOM OF THE 2ND
Gresham Gold Souls batting - Pitching for Mile High Broncos : RHP José García
Batting: RHB Elpidio Martinho 0-0: Ball
1-0: Called Strike
1-1: SINGLE (Line Drive, 4)
Batting: RHB Matt Davidson 0-0: Ball
1-0: Ball
2-0: Ball
Wild Pitch!
Elpidio Martinho to second
3-0: Base on Balls
Batting: RHB Gustavo Pagán 0-0: Foul Ball, location: 2F
0-1: Ball
1-1: Swinging Strike
1-2: Foul Ball, location: 2F
1-2: Strikes out swinging
Batting: SHB Todd Smith 0-0: Called Strike
0-1: Fly out, F9 (Flyball, 89S)
Batting: RHB Mario Méndez 0-0: Ball
1-0: Ball
2-0: Called Strike
2-1: Ball
3-1: SINGLE (Groundball, 56D)
Elpidio Martinho to third
Matt Davidson to second
Runner from 3rd tries for Home, SAFE, no throw
Batting: LHB Chance Santry 0-0: Ball
1-0: Called Strike
1-1: Ball
2-1: Ball
3-1: Foul Ball, location: 2F
3-2: Strikes out looking
Bottom of the 2nd over - 1 run(s), 2 hit(s), 0 error(s), 2 left on base; Mile High 0 - Gresham 1
TOP OF THE 3RD
Mile High Broncos batting - Pitching for Gresham Gold Souls : LHP Francisco Nieto
Batting: LHB Ernesto López 0-0: Ball
1-0: Ball
2-0: SINGLE (Line Drive, 78S)
Batting: RHB Bo Vickers 0-0: Ball
1-0: Called Strike
1-1: Foul Ball, location: 2F
1-2: Fly out, F9 (Flyball, 9LMF)
Batting: SHB Pedro Martínez 0-0: Foul Ball, location: 2F
0-1: Ball
1-1: Foul Ball, location: 2F
1-2: Strikes out swinging
Batting: RHB Edward Williams 0-0: Called Strike
0-1: Foul Ball, location: 2F
0-2: Ball
1-2: Foul Ball, location: 2F
1-2: Ball
2-2: Fly out, F8 (Flyball, 8LS)
Top of the 3rd over - 0 run(s), 1 hit(s), 0 error(s), 1 left on base; Mile High 0 - Gresham 1
BOTTOM OF THE 3RD
Gresham Gold Souls batting - Pitching for Mile High Broncos : RHP José García
Batting: RHB Peter Hensley 0-0: Foul Ball, location: 2F
0-1: Ground out 5-3 (Groundball, 56S)
Batting: LHB Millard Dye 0-0: Ball
1-0: SOLO HOME RUN (Flyball, 8LXD), Distance : 414 ft
Batting: RHB Brian Dixon 0-0: Ball
1-0: Ball
2-0: Foul Ball, location: 2F
2-1: Ball
3-1: Base on Balls
Batting: RHB Elpidio Martinho 0-0: Ball
1-0: Ball
2-0: Called Strike
2-1: Called Strike
2-2: Fielders Choice at 2nd, 5-4 (Groundball, 56)
Batting: RHB Matt Davidson 0-0: Ball
Elpidio Martinho steals 2nd base
1-0: SINGLE (Line Drive, 6D)
Elpidio Martinho to third
Runner from 3rd tries for Home, SAFE, no throw
Batting: RHB Gustavo Pagán 0-0: Ball
1-0: Ball
2-0: Ball
3-0: Reached on error, E8 (Flyball, 8RM)
Matt Davidson to third
Batting: SHB Todd Smith 0-0: Fly out, F7 (Flyball, 7S)
Bottom of the 3rd over - 2 run(s), 2 hit(s), 1 error(s), 2 left on base; Mile High 0 - Gresham 3
TOP OF THE 4TH
Mile High Broncos batting - Pitching for Gresham Gold Souls : LHP Francisco Nieto
Batting: RHB John Brown 0-0: Ball
1-0: Fly out, F2 (Popup, 3S)
Batting: LHB Dave Cook 0-0: Ball
1-0: Ball
2-0: Ball
3-0: Called Strike
3-1: Base on Balls
Batting: RHB Jeff Packard 0-0: Called Strike
0-1: Ground out 5-3 (Groundball, 56S)
Dave Cook to second
Batting: RHB Luis Alvarado 0-0: Called Strike
0-1: Reached on error, E6 (Groundball, 6)
Dave Cook scores
Batting: RHB Raúl Ruíz 0-0: SINGLE (Groundball, 4D)
Luis Alvarado to third
Runner from 3rd tries for Home, SAFE, no throw
Batting: LHB Ernesto López 0-0: Swinging Strike
0-1: Fly out, F4 (Popup, 3)
Top of the 4th over - 2 run(s), 1 hit(s), 1 error(s), 1 left on base; Mile High 2 - Gresham 3
BOTTOM OF THE 4TH
Gresham Gold Souls batting - Pitching for Mile High Broncos : RHP José García
Batting: RHB Mario Méndez 0-0: Ground out 1-3 (Groundball, 13S)
Batting: LHB Chance Santry 0-0: Called Strike
0-1: Ball
1-1: Foul Ball, location: 2F
1-2: Fly out, F7 (Flyball, 78S)
Batting: RHB Peter Hensley 0-0: Swinging Strike
0-1: Ball
1-1: Called Strike
1-2: Ball
2-2: Foul Ball, location: 2F
2-2: Ball
3-2: Foul Ball, location: 2F
3-2: Ground out 4-3 (Groundball, 4)
Bottom of the 4th over - 0 run(s), 0 hit(s), 0 error(s), 0 left on base; Mile High 2 - Gresham 3
TOP OF THE 5TH
Mile High Broncos batting - Pitching for Gresham Gold Souls : LHP Francisco Nieto
Batting: RHB Bo Vickers 0-0: Called Strike
0-1: Ball
1-1: SINGLE (Groundball, 6MD)
Batting: SHB Pedro Martínez 0-0: Called Strike
0-1: Ball
1-1: Called Strike
1-2: Strikes out looking
Batting: RHB Edward Williams 0-0: Called Strike
0-1: Ball
Wild Pitch!
Bo Vickers to second
1-1: Ball
2-1: Foul Ball, location: 2F
2-2: Strikes out looking
Batting: RHB John Brown 0-0: Ball
1-0: Foul Ball, location: 2F
1-1: Foul Ball, location: 2F
1-2: Strikes out swinging
Top of the 5th over - 0 run(s), 1 hit(s), 0 error(s), 1 left on base; Mile High 2 - Gresham 3
BOTTOM OF THE 5TH
Gresham Gold Souls batting - Pitching for Mile High Broncos : RHP José García
Batting: LHB Millard Dye 0-0: Ball
1-0: Foul Ball, location: 2F
1-1: Ground out U3 (Groundball, 3)
Batting: RHB Brian Dixon 0-0: Fly out, F9 (Flyball, 9)
Batting: RHB Elpidio Martinho 0-0: Ball
1-0: Called Strike
1-1: Ball
2-1: SINGLE (Groundball, 56S) (infield hit)
Batting: RHB Matt Davidson 0-0: Called Strike
Elpidio Martinho steals 2nd base
0-1: Foul Ball, location: 2F
0-2: Ball
1-2: Fly out, F5 (Popup, 56)
Bottom of the 5th over - 0 run(s), 1 hit(s), 0 error(s), 1 left on base; Mile High 2 - Gresham 3
TOP OF THE 6TH
Mile High Broncos batting - Pitching for Gresham Gold Souls : LHP Francisco Nieto
Batting: LHB Dave Cook 0-0: Fly out, F5 (Popup, 56S)
Batting: RHB Jeff Packard 0-0: Ball
1-0: Called Strike
1-1: Ball
2-1: Swinging Strike
2-2: Fly out, F8 (Flyball, 78D)
Batting: RHB Luis Alvarado 0-0: Ball
1-0: Foul Ball, location: 2F
1-1: Ball
2-1: Called Strike
2-2: Strikes out swinging
Top of the 6th over - 0 run(s), 0 hit(s), 0 error(s), 0 left on base; Mile High 2 - Gresham 3
BOTTOM OF THE 6TH
Gresham Gold Souls batting - Pitching for Mile High Broncos : RHP José García
Batting: RHB Gustavo Pagán 0-0: SINGLE (Flyball, 9LM)
Batting: SHB Todd Smith 0-0: Called Strike
Gustavo Pagán is caught stealing 2nd base
0-1: Ball
1-1: SOLO HOME RUN (Flyball, 89XD), Distance : 436 ft
Batting: RHB Mario Méndez 0-0: Ball
1-0: Called Strike
1-1: Fly out, F7 (Flyball, 7S)
Batting: LHB Chance Santry 0-0: Foul Ball, location: 2F
0-1: Called Strike
0-2: Foul Ball, location: 2F
0-2: Ball
1-2: Ball
2-2: Ground out 6-3 (Groundball, 6)
Bottom of the 6th over - 1 run(s), 2 hit(s), 0 error(s), 0 left on base; Mile High 2 - Gresham 4
TOP OF THE 7TH
Mile High Broncos batting - Pitching for Gresham Gold Souls : LHP Francisco Nieto
Batting: RHB Raúl Ruíz 0-0: Ball
1-0: Called Strike
1-1: Called Strike
1-2: Fly out, F4 (Popup, 34D)
Batting: LHB Ernesto López 0-0: Called Strike
0-1: Fly out, F7 (Flyball, 7)
Batting: RHB Bo Vickers 0-0: Called Strike
0-1: Called Strike
0-2: Ball
1-2: Ground out 1-3 (Groundball, 13S)
Top of the 7th over - 0 run(s), 0 hit(s), 0 error(s), 0 left on base; Mile High 2 - Gresham 4
BOTTOM OF THE 7TH
Gresham Gold Souls batting - Pitching for Mile High Broncos : RHP José García
Batting: RHB Peter Hensley 0-0: Foul Ball, location: 2F
0-1: Ball
1-1: Ground out 6-3 (Groundball, 6)
Batting: LHB Millard Dye 0-0: Foul Ball, location: 2F
0-1: Ball
1-1: Ball
2-1: Ground out 4-3 (Groundball, 34)
Batting: RHB Brian Dixon 0-0: Swinging Strike
0-1: Ball
1-1: Called Strike
1-2: Fly out, F8 (Line Drive, 8LS)
Bottom of the 7th over - 0 run(s), 0 hit(s), 0 error(s), 0 left on base; Mile High 2 - Gresham 4
TOP OF THE 8TH
Mile High Broncos batting - Pitching for Gresham Gold Souls : LHP Francisco Nieto
Pitching: RHP Taylor Bowen
Batting: SHB Pedro Martínez 0-0: Ball
1-0: Fly out, F9 (Flyball, 89S)
Batting: RHB Edward Williams 0-0: Ball
1-0: Ball
2-0: Ground out 6-3 (Groundball, 6)
Batting: RHB John Brown 0-0: Ball
1-0: Fly out, F2 (Popup, 5S)
Top of the 8th over - 0 run(s), 0 hit(s), 0 error(s), 0 left on base; Mile High 2 - Gresham 4
BOTTOM OF THE 8TH
Gresham Gold Souls batting - Pitching for Mile High Broncos : RHP José García
Batting: RHB Elpidio Martinho 0-0: Swinging Strike
0-1: Foul Ball, location: 2F
0-2: Ball
1-2: SINGLE (Groundball, 56D)
Batting: RHB Matt Davidson 0-0: Ball
Wild Pitch!
Elpidio Martinho to second
1-0: Fly out, F7 (Line Drive, 7)
Batting: RHB Gustavo Pagán 0-0: Called Strike
0-1: Foul Ball, location: 2F
0-2: Ball
1-2: Foul Ball, location: 2F
1-2: Foul Ball, location: 2F
1-2: Fly out, F6 (Popup, 6MD)
Pitching: LHP Jorge García
Batting: SHB Todd Smith 0-0: Called Strike
0-1: Ball
1-1: Ball
2-1: Ball
3-1: Swinging Strike
3-2: Ground out 5-3 (Groundball, 56S)
Bottom of the 8th over - 0 run(s), 1 hit(s), 0 error(s), 1 left on base; Mile High 2 - Gresham 4
TOP OF THE 9TH
Mile High Broncos batting - Pitching for Gresham Gold Souls : RHP Taylor Bowen
Pitching: RHP Eusébio Lagarto
Batting: LHB Dave Cook 0-0: Ball
1-0: Foul Ball, location: 2F
1-1: Ball
2-1: Foul Ball, location: 2F
2-2: Ball
3-2: SINGLE (Groundball, 6MD)
Pinch Hitting: LHB Mark Everett 0-0: Called Strike
0-1: Foul Ball, location: 2F
0-2: Ball
1-2: Ball
2-2: SINGLE (Line Drive, 8LS)
Dave Cook to second
Pinch Hitting: RHB António Martínez 0-0: Ball
1-0: Ball
2-0: Called Strike
2-1: 3-RUN HOME RUN (Flyball, 7LD), Distance : 350 ft
Pitching: RHP Jamal Clayton
Batting: RHB Raúl Ruíz 0-0: Ball
1-0: Called Strike
1-1: Ground out U3 (Groundball, 3L)
Batting: LHB Ernesto López 0-0: Ball
1-0: Foul Ball, location: 2F
1-1: Called Strike
1-2: Strikes out looking
Batting: RHB Bo Vickers 0-0: Fly out, F8 (Flyball, 78D)
Top of the 9th over - 3 run(s), 3 hit(s), 0 error(s), 0 left on base; Mile High 5 - Gresham 4
BOTTOM OF THE 9TH
Gresham Gold Souls batting - Pitching for Mile High Broncos : LHP Jorge García
Pitching: LHP Domingo Morales
Now at SS: Paco Martínez
Now in LF: Jesús González
Now in CF: José Darias
Batting: RHB Mario Méndez 0-0: Ball
1-0: Swinging Strike
1-1: Swinging Strike
1-2: SINGLE (Flyball, 9LS)
Batting: LHB Chance Santry 0-0: Called Strike
0-1: Ball
1-1: Called Strike
1-2: Ball
2-2: Strikes out looking
Batting: RHB Peter Hensley 0-0: Called Strike
0-1: Swinging Strike
0-2: Ball
1-2: Foul Ball, location: 2F
1-2: Fly out, F7 (Line Drive, 78M)
Pinch Hitting: RHB Luke McIndoe 0-0: Called Strike
0-1: Called Strike
0-2: Foul Ball, location: 2F
0-2: Ball
1-2: Fly out, F8 (Flyball, 89M)
Bottom of the 9th over - 0 run(s), 1 hit(s), 0 error(s), 1 left on base; Mile High 5 - Gresham 4
Tuesday, August 8th, 2017 - OOTP Baseball 17.12 Build 75